 Dungeon Crawl Stone Soup version 0.29.1-2-gbd0b4ee654 (webtiles) character file.

Game seed: 15181487352974453605

378 xian the Chopper (level 6, -4/52 HPs)
             Began as a Hill Orc Gladiator on Nov 23, 2022.
             Succumbed to an orc wizard's poison
             ... on level 4 of the Dungeon.
             The game lasted 00:07:36 (4126 turns).

xian the Chopper (Hill Orc Gladiator)               Turns: 4126, Time: 00:07:37

Health: -4/52      AC:  4    Str: 19    XL:     6   Next: 74%
Magic:  6/6        EV: 12    Int:  8    God:
Gold:   154        SH:  0    Dex: 12    Spells: 5/5 levels left

rFire   . . .      SeeInvis .   w - +3 whip (flame)
rCold   . . .      Faith    .   (no shield)
rNeg    . . .      Spirit   .   b - +0 leather armour
rPois   .          Reflect  .   c - +0 helmet
rElec   .          Harm     .   (no cloak)
rCorr   +          Rampage  .   (no gloves)
Will    .....                   (no boots)
Stlth   +.........              (no amulet)
HPRegen 0.17/turn               v - ring of flight
MPRegen 0.10/turn               q - ring of resist corrosion

@: lethally poisoned (-4 -> -39), flying
A: no striking features
a: no special abilities


You were on level 4 of the Dungeon.
You visited 1 branch of the dungeon, and saw 4 of its levels.

You collected 154 gold pieces.

Inventory:

Hand Weapons
 p - a +0 sling of flaming
 w - a +3 whip of flaming (weapon)
Missiles
 d - a throwing net
 e - a javelin
 m - 5 poisoned darts (quivered)
 u - 4 boomerangs
Armour
 b - a +0 leather armour (worn)
 c - a +0 helmet (worn)
 l - a +0 helmet
Jewellery
 a - a ring of magical power
 q - a ring of resist corrosion (right hand)
 v - a ring of flight (left hand)
Scrolls
 f - 2 scrolls of magic mapping {unknown}
 g - 2 scrolls of identify {unknown}
 h - 2 scrolls of enchant weapon {unknown}
 k - a scroll of teleportation {unknown}
 o - a scroll of poison {unknown}
 r - 2 scrolls of torment {unknown}
 s - a scroll of vulnerability {unknown}
Potions
 i - a potion of invisibility {unknown}
 n - a potion of mutation {unknown}
 t - a potion of curing


   Skills:
 + Level 3.8 Fighting
 + Level 4.5(5.8) Axes
 + Level 4.5(5.2) Maces & Flails
 + Level 0.8 Ranged Weapons
 + Level 2.2 Throwing
 + Level 2.5 Armour
 + Level 2.9 Dodging
 + Level 0.5 Stealth


You had 5 spell levels left.
You didn't know any spells.
Your spell library contained the following spells:

 Spells                   Type           Power      Damage    Failure   Level
 Freeze                   Ice            0%         1d3       45%         1
 Frozen Ramparts          Ice            0%         1d1       83%         3
 Hailstorm                Conj/Ice       0%         3d3       99%         4
 Freezing Cloud           Conj/Ice/Air   0%         6-21      100%        5
 Simulacrum               Ice/Necr       0%         N/A       100%        6
 Polar Vortex             Ice            0%         N/A       100%        9


Dungeon Overview and Level Annotations

Branches:
Dungeon (4/15)
 Temple: D:4-7

Altars:
Trog
Xom


Message History

Okay, then.
Okay, then.
You aren't carrying any items that you can evoke.
Throw: 3 throwing nets
Press: ? - help, Q - select action, (/) - cycle Shift-Dir - straight line You throw a throwing net.
You feel very sick. Something hits you but does no damage.
Unknown command.
You hit something. You burn something.
You feel very sick. Something hits you.
You are more poisoned.
Unknown command.
Okay, then.
Throw: 2 throwing nets
Press: ? - help, Q - select action, (/) - cycle Shift-Dir - straight line You throw a throwing net.
You feel very sick. Something hits you.
You are lethally poisoned!
You hit something. You burn something.
* * * LOW HITPOINT WARNING * * *
You feel very sick.
A quokka comes into view.
Something hits you but does no damage.
You are more poisoned.
You hit something but do no damage.
* * * LOW HITPOINT WARNING * * *
You feel very sick. Something hits you.
* * * LOW HITPOINT WARNING * * *
You are more poisoned.
You hit something. You burn something.
* * * LOW HITPOINT WARNING * * *
You feel very sick. Something hits you but does no damage.
You are more poisoned.
You hit something but do no damage.
You die...

.#### ###.... ....
#.... ..# #....
########'# ##.#.#
#..'..#.(# #....#
#..#.)'..# #..###
####..##)#### #..#
...####{....#######..#
..r....@.............#
........##############
#########


You could see a quokka.

Vanquished Creatures
  Grinder (D:3)
  An iguana (D:4)
  An orc wizard (D:3)
  Robin (D:2)
  3 gnolls (D:3)
  3 adders (D:3)
  6 orcs
  5 ball pythons
  5 endoplasms
  2 giant cockroaches
  11 goblins
  12 hobgoblins
  2 jackals (D:3)
  A kobold (D:3)
  4 quokkas
  5 bats
  4 frilled lizards
  6 rats
73 creatures vanquished.

Notes
Turn   | Place    | Note
-------+----------+-------------------------------------------
     0 | D:1      | xian the Hill Orc Gladiator began the quest for the Orb.
     0 | D:1      | Reached XP level 1. HP: 18/18 MP: 1/1
   300 | D:1      | Reached XP level 2. HP: 17/25 MP: 2/2
  1244 | D:2      | Found a bloodstained altar of Trog.
  1486 | D:2      | Reached XP level 3. HP: 24/30 MP: 3/3
  1543 | D:2      | Found a faded altar of an unknown god.
  1590 | D:2      | Noticed Robin
  1626 | D:2      | HP: 1/31 [Robin/+0 spear (4)]
  1629 | D:2      | Killed Robin
  1630 | D:2      | Reached skill level 1 in Maces & Flails
  2383 | D:2      | Reached skill level 1 in Armour
  2595 | D:3      | Reached XP level 4. HP: 37/38 MP: 4/4
  2611 | D:3      | Found a shimmering altar of Xom.
  2955 | D:3      | Reached XP level 5. HP: 36/45 MP: 5/5
  3239 | D:3      | Noticed Grinder
  3245 | D:3      | Paralysed by Grinder for 5 turns
  3263 | D:3      | Killed Grinder
  3264 | D:3      | Reached XP level 6. HP: 8/52 MP: 6/6
  4125 | D:4      | HP: 2/52 [poisoned by an orc wizard]
  4126 | D:4      | Succumbed to an orc wizard's poison

Illustrated notes

Levels and vault maps discovered:
D:1:      amcnicky_arrival_abandoned_market, layout_loops_ring,
          solitary_fountain
D:2:      layout_loops_corners, basic_altar, ebering_ecumenical_altar_hall,
          uniq_robin
D:3:      layout_loops_corners, xom_teletrap_fun, st_stairs_8, uniq_grinder
D:4:      corexii_shantytown, layout_basic, uniq_natasha, uniq_sigmund,
          uniq_ijyb

Skill      XL: |  1  2  3  4  5 |
---------------+----------------+-----
Fighting       | 3 |  3.8
Maces & Flails | 1 2 4 |  4.5
Armour         | 1 2 |  2.5
Throwing       | 2 |  2.2
Axes           | |  4.5
Ranged Weapons | |  0.8
Dodging        | |  2.9
Stealth        | |  0.5

Action                   |  1- 3 |  4- 6 || total
-------------------------+-------+-------++-------
Melee: Morningstar       |    69 |    41 ||   110
       War axe           |    10 |       ||    10
       Whip              |       |    74 ||    74
       Punch             |       |     1 ||     1
 Fire: Sling             |    18 |       ||    18
Throw: Dart              |     8 |     9 ||    17
       Throwing net      |       |     2 ||     2
  Use: Potion            |     2 |     3 ||     5
Armor: Leather armour    |    48 |    42 ||    90
Dodge: Dodged            |    99 |    56 ||   155
